 Dungeon Crawl Stone Soup version 0.28-a0-511-gcc94558de3 (webtiles) character file.

Game seed: 2151410835821186284

32 jasper the Magician (level 3, -4/24 HPs)
             Began as a Demonspawn Hedge Wizard on Sept 21, 2021.
             Was an Initiate of Gozag.
             Slain by a worm (7 damage)
             ... on level 1 of the Dungeon.
             The game lasted 00:01:18 (1226 turns).

jasper the Magician (Demonspawn Hedge Wizard)       Turns: 1226, Time: 00:01:19

Health: -4/24      AC:  5    Str: 10    XL:     3   Next: 10%
Magic:  7/7        EV: 10    Int: 16    God:    Gozag
Gold:   143        SH:  0    Dex: 12    Spells: 7/8 levels left

rFire   . . .      SeeInvis .     - Unarmed
rCold   . . .      Faith    .   (no shield)
rNeg    . . .      Spirit   .   d - +0 ring mail
rPois   .          Reflect  .   c - +0 hat
rElec   .          Harm     .   (no cloak)
rCorr   .          Rampage  .   (no gloves)
Will    .....                   (no boots)
Stlth   +.........              (no amulet)
HPRegen 0.08/turn               (no ring)
MPRegen 0.10/turn               (no ring)

@: no status effects
A: hooves 1, demonic magic 1
a: Renounce Religion, Potion Petition, Call Merchant, Bribe Branch


You were on level 1 of the Dungeon.
You worshipped Gozag.
Gozag was aware of your devotion.
You visited 1 branch of the dungeon, and saw 1 of its levels.

You collected 143 gold pieces.

Inventory:

Hand Weapons
 a - a +0 dagger
Missiles
 j - 7 poisoned darts
Armour
 b - a +0 robe
 c - a +0 hat (worn)
 d - a +0 ring mail (worn)
Scrolls
 f - a scroll of blinking {unknown}
 k - 3 scrolls of identify {unknown}
Potions
 e - a potion of cancellation {unknown}
 g - 2 potions of lignification {unknown}
 h - a potion of invisibility {unknown}
 i - a potion of magic {unknown}


   Skills:
 - Level 1.7 Dodging
 - Level 1.7 Stealth
 + Level 2.5 Unarmed Combat
 - Level 3.0 Spellcasting
 - Level 1.0 Conjurations
 - Level 1.0 Summonings
 - Level 0.8 Translocations


You had 7 spell levels left.
You knew the following spells:

 Your Spells              Type           Power      Damage    Failure   Level
a - Magic Dart            Conj           20%        1d4       32%         1

Your spell library contained the following spells:

 Spells                   Type           Power      Damage    Failure   Level
 Call Imp                 Summ           5%         N/A       43%         2
 Blink                    Tloc           N/A        N/A       45%         2
 Slow                     Hex            2%         N/A       58%         2
 Conjure Flame            Conj/Fire      4%         6-21      75%         3
 Mephitic Cloud           Conj/Pois/Air  3%         N/A       77%         3


Dungeon Overview and Level Annotations

Branches:
Dungeon (1/15)

Altars:
Gozag


Innate Abilities, Weirdness & Mutations

You have large cloven feet.
Spells you cast may paralyse adjacent enemies.


Message History

There is an open door here.
A worm comes into view.
A worm is nearby!
The worm bites you!
You take 9 damage, and have 15/24 hp.
MASSIVE DAMAGE!!
You hit the worm but do no damage. The worm bites you.
You take 3 damage, and have 12/24 hp.
You hit the worm.
The worm is lightly wounded.
You barely miss the worm.
The worm is lightly wounded.
The worm bites you but does no damage.
You hit the worm but do no damage. You kick the worm.
The worm is lightly wounded.
You hit the worm.
The worm is moderately wounded.
The worm bites you but does no damage.
You hit the worm.
The worm is moderately wounded.
The worm closely misses you.
You hit the worm. You kick the worm.
The worm is heavily wounded.
You hit the worm.
The worm is heavily wounded.
The worm bites you.
You take 3 damage, and have 10/24 hp.
You hit the worm. You kick the worm.
The worm is heavily wounded.
You barely miss the worm.
The worm is heavily wounded.
The worm bites you!
* * * LOW HITPOINT WARNING * * *
You hit the worm. Your kick misses the worm.
The worm is heavily wounded.
You take 7 damage, and have 3/24 hp.
MASSIVE DAMAGE!!
You hit the worm. You kick the worm.
The worm is severely wounded.
The worm bites you!
You die...
Your body crumbles into a pile of gold.

....# #.#
######......[..
....####.# #........[
.........#############
#####....#
.....#####...#.......#
#....# .....#
#.#...#####.#########'##
.....#####.#.#.#..
#.#...........
##>......#...###.#
#.#...........
###.###.#.#.# #w#
#.#...........
#.....#<#.# #@#
#'#...........
#####.##+.#.#.#
#.'...........
#.#...#.#.#
###...........
#.##'.#...# #########'##
#.#.#.###.# ####'##
#)#.#.....# #......
#.#...###.# #......
########.#.#.# ..#
#......
......##.#.#.#.###
#......


You could see a worm.

Vanquished Creatures
  A dart slug (D:1)
  2 bats (D:1)
  An endoplasm (D:1)
  2 giant cockroaches (D:1)
  3 goblins (D:1)
  5 jackals (D:1)
  2 quokkas (D:1)
  4 ball pythons (D:1)
  4 frilled lizards (D:1)
  3 kobolds (D:1)
  A rat (D:1)
28 creatures vanquished.

Notes
Turn   | Place    | Note
-------+----------+-------------------------------------------
     0 | D:1      | jasper the Demonspawn Hedge Wizard began the quest for the
                  | Orb.
     0 | D:1      | Reached XP level 1. HP: 13/13 MP: 4/4
    68 | D:1      | Found a faded altar of an unknown god.
    82 | D:1      | Reached skill level 1 in Unarmed Combat
   259 | D:1      | Became a worshipper of Gozag Ym Sagoz the Greedy
   302 | D:1      | Gained mutation: You have large cloven feet. [demonic
                  | ancestry]
   302 | D:1      | Reached XP level 2. HP: 16/19 MP: 6/6
   807 | D:1      | Gained mutation: Spells you cast may paralyse adjacent
                  | enemies. [demonic ancestry]
   807 | D:1      | Reached XP level 3. HP: 22/24 MP: 7/7
  1226 | D:1      | Slain by a worm

Illustrated notes

Levels and vault maps discovered:
D:1:      onia_arrival_mini_maze_b, layout_basic,
          ebering_ecumenical_altar_sacrificial, minmay_domino_4

Skill      XL: |  1  2 |
---------------+-------+-----
Unarmed Combat | 1 2 |  2.5
Dodging        | |  1.7
Stealth        | |  1.7
Spellcasting   | |  3.0
Conjurations   | |  1.0
Summonings     | |  1.0
Translocations | |  0.8

Action                   || total
-------------------------++-------
Melee: Unarmed           ||   112
       Dagger            ||     3
       Kick              ||    23
 Cast: Magic Dart        ||     1
 Stab: Distracted        ||     1
Armor: Ring mail         ||    42
Dodge: Dodged            ||    48

Table legend: (Time is in decaauts)
 A = Elapsed time spent in this place.
 B = Non-inter-level travel time spent in this place.
 C = Inter-level travel time spent in this place.
 D = Time resting spent in this place.
 E = Time spent auto-exploring this place.
 F = Levels seen in this place.
 G = Mean time per level.
                   A        B        C        D        E       F      G
               +--------+--------+--------+--------+--------+-----+--------+
         Total |   1219 |   1194 |     25 |    146 |    752 |   1 | 1219.0 |
       Dungeon |   1219 |   1194 |     25 |    146 |    752 |   1 | 1219.0 |
               +--------+--------+--------+--------+--------+-----+--------+

Top non-repeatable levels by time:
     D:1: 1219 daAuts
